Map: Dusk Towers

Players

Death

  • Race: Zerg Zerg
  • League: Grandmaster

MCanning - Winner!

  • Race: Protoss Protoss
  • League: Grandmaster

VOD

Have the link to the VOD?

Description

Time

  • Played on: Dec. 4, 2015, 12:20 a.m.
  • Length: 8:33
Show
View Real Time Build Order
Export as new Build Order

Death Zerg 

Build Orders: Hatch First 

Get SALT Encoding   

  12  0:01  Drone  
  13  0:13  Overlord  
  13  0:18  Drone  
  14  0:32  Drone x2  
  16  0:36  Drone  
  17  0:54  Hatchery, Drone  
  17  1:09  Spawning Pool  
  17  1:11  Drone  
  17  1:17  Extractor  
  16  1:21  Drone x2  
  18  1:31  Drone  
  19  1:41  Drone  
  20  1:56  Queen  
  20  1:57  Overlord  
  22  2:07  Queen  
  25  2:08  Zergling x4  
  25  2:13  Drone  
  27  2:18  Metabolic Boost, Drone  
  28  2:23  Drone  
  30  2:30  Drone  
  30  2:46  Overlord  
  30  2:49  Drone x2  
  32  2:54  Pneumatized Carapace  
  32  2:57  Drone  
  32  2:58  Drone  
  34  3:02  Hatchery  
  34  3:03  Drone  
  34  3:06  Drone  
  35  3:17  Drone  
  35  3:18  Evolution Chamber  
  35  3:21  Drone x3  
  35  3:22  Baneling Nest  
  37  3:33  Drone x5  
  42  3:43  Zergling x2  
  42  3:47  Overlord  
  43  3:50  Zergling x2  
  44  3:56  Zergling x2, Extractor  
  44  4:06  Zergling x12  
  44  4:08  Baneling x4  
  50  4:17  Zergling x2  
  50  4:18  Zergling x4  
  50  4:19  Queen  
  50  4:21  Overlord x2  
  50  4:23  Zergling x2  
  56  4:31  Zergling x4  
  58  4:43  Zergling x4  
  58  4:44  Zergling x10  
  63  5:00  Zergling x6  
  63  5:01  Overlord x3  
  66  5:10  Overlord x4  
  66  5:14  Overlord  
  66  5:15  Overlord  
  59  5:29  Zergling x2  
  59  5:30  Zergling x2  
  54  5:38  Roach Warren  
  45  5:43  Zergling x2  
  45  5:44  Zergling x24  
  48  6:06  Drone x5  
  48  6:07  Drone x3  
  54  6:17  Queen  
  54  6:18  Drone x3  
  59  6:30  Drone x2  
  59  6:31  Drone x4  
  59  6:37  Drone  
  59  6:38  Drone x3  
  61  6:47  Lair  
  61  6:49  Drone  
  62  7:01  Drone x2  
  62  7:02  Drone x2  
  62  7:03  Drone  
  62  7:04  Drone  
  62  7:05  Drone x3  
  71  7:09  Roach x3, Extractor  
  76  7:20  Overlord  
  76  7:21  Roach x2  
  80  7:30  Ravager x2  
  80  7:32  Ravager  
  80  7:35  Roach x3  
  80  7:36  Roach, Zergling x4  
  80  7:37  Zergling x4  
  94  7:42  Ravager  
  96  7:45  Zergling x6  
  99  7:54  Spore Crawler  
  99  7:55  Roach x2, Zergling x2  
  99  7:56  Zergling x10  
  108  8:00  Spine Crawler  
  108  8:03  Spine Crawler  
  108  8:04  Drone  
  96  8:13  Roach x6  
Show
View Real Time Build Order
Export as new Build Order

MCanning Protoss - Winner!

Build Orders: Nexus First 

Get SALT Encoding   

  12  0:01  Probe (Chrono Boost)  
  13  0:12  Probe (Chrono Boost)  
  14  0:20  Pylon  
  14  0:25  Probe (Chrono Boost)  
  15  0:39  Probe (Chrono Boost)  
  16  0:49  Probe (Chrono Boost)  
  17  1:00  Nexus  
  17  1:10  Gateway  
  17  1:13  Probe (Chrono Boost)  
  18  1:21  Assimilator  
  18  1:24  Probe (Chrono Boost)  
  19  1:26  Assimilator  
  19  1:35  Probe (Chrono Boost)  
  20  1:45  Probe (Chrono Boost)  
  21  1:48  Pylon  
  21  1:56  Probe (Chrono Boost)  
  22  2:01  Cybernetics Core  
  22  2:06  Probe (Chrono Boost), Zealot  
  25  2:14  Probe (Chrono Boost)  
  26  2:17  Probe (Chrono Boost)  
  27  2:25  Probe (Chrono Boost)  
  27  2:27  Probe (Chrono Boost)  
  29  2:35  Probe (Chrono Boost)  
  30  2:39  Mothership Core (Chrono Boost)  
  30  2:43  Stalker  
  34  2:45  Warp Gate (Chrono Boost)  
  34  2:46  Probe (Chrono Boost)  
  35  2:56  Probe (Chrono Boost)  
  35  2:57  Probe (Chrono Boost)  
  35  2:58  Robotics Facility  
  37  3:06  Probe (Chrono Boost)  
  37  3:08  Probe (Chrono Boost)  
  39  3:16  Sentry  
  39  3:18  Probe (Chrono Boost)  
  42  3:22  Probe (Chrono Boost)  
  42  3:24  Pylon  
  43  3:28  Probe (Chrono Boost)  
  43  3:33  Gateway  
  45  3:38  Gateway  
  45  3:40  Gateway  
  43  3:42  Probe (Chrono Boost), Warp Prism  
  46  3:58  Twilight Council  
  46  4:04  Probe, Pylon  
  46  4:06  Probe  
  46  4:08  Pylon  
  48  4:16  Probe  
  49  4:17  Immortal  
  49  4:18  Probe  
  54  4:31  Pylon  
  54  4:35  Pylon, Charge (Chrono Boost)  
  54  4:45  Adept  
  54  4:46  Adept  
  54  4:47  Adept x2  
  54  4:50  Pylon  
  62  4:55  Immortal  
  62  4:58  Probe x2  
  60  5:09  Adept  
  60  5:10  Probe, Adept  
  63  5:22  Sentry, Zealot  
  63  5:24  Probe  
  63  5:26  Probe  
  63  5:36  Adept x2  
  59  5:47  Adept  
  59  5:49  Pylon  
  61  5:55  Probe  
  60  6:00  Stalker  
  62  6:10  Probe  
  63  6:18  Gateway  
  63  6:19  Gateway  
  63  6:24  Gateway  
  63  6:26  Pylon  
  63  6:39  Observer  
  63  6:40  Probe  
  63  6:45  Zealot  
  63  6:46  Zealot x3  
  73  6:55  Pylon  
  73  7:05  Pylon  
  73  7:10  Zealot x3  
  73  7:11  Zealot  
  81  7:19  Zealot x2  
  85  7:25  Probe  
  85  7:26  Probe  
  85  7:28  Stalker  
  89  7:36  Pylon  
  89  7:38  Zealot x2  
  89  7:39  Pylon, Zealot x3  
  89  7:40  Sentry  
  101  7:53  Pylon  
  101  7:54  Pylon  
  101  7:56  Sentry x3  
  107  8:00  Zealot x2  
  109  8:16  Zealot x4  
Tags
 
Add a new tag
Caveats
  • Supply blocks, unpowered buildings, or Contaminate may cause inaccurate times.
  • Supply counts are checked every 10 seconds.